 Dungeon Crawl Stone Soup version 0.29.1-2-gbd0b4ee654 (webtiles) character file.

Game seed: 14302694944565569395

2313 DildoBatman the Magician (level 9, -2/64 (66) HPs)
             Began as a Formicid Conjurer on Nov 24, 2022.
             Slain by a wight
             ... wielding a +0 scimitar
              (7 damage)
             ... on level 7 of the Dungeon.
             The game lasted 00:20:19 (6632 turns).

DildoBatman the Magician (Formicid Conjurer)        Turns: 6632, Time: 00:20:20

HP:   -2/64 (66)    AC:  4    Str: 11    XL:     9   Next: 68%
MP:   8/19          EV: 13    Int: 29    God:
Gold: 335           SH:  0    Dex: 18    Spells: 16/22 levels left

rFire   . . .      SeeInvis +   b - +0 quarterstaff
rCold   . . .      Faith    .   (no shield)
rNeg    . . .      Spirit   .   y - +0 robe
rPois   .          Reflect  .   (helmet unavailable)
rElec   .          Harm     .   s - +1 cloak
rCorr   .          Rampage  .   (no gloves)
Will    .....                   (no boots)
Stlth   ++........              (no amulet)
HPRegen 0.20/turn               h - +6 ring of dexterity
MPRegen 0.16/turn               B - +6 ring of intelligence

@: lightly drained
A: permanent stasis, dig shafts and tunnels, antennae 3, four strong arms
a: Dig, Shaft Self


You were on level 7 of the Dungeon.
You visited 2 branches of the dungeon, and saw 9 of its levels.
You also visited: Ossuary.

You collected 335 gold pieces.

Inventory:

Hand Weapons
 a - a +0 sling
 b - a +0 quarterstaff (weapon)
Missiles
 l - 6 boomerangs (quivered)
 t - 8 poisoned darts
Armour
 s - a +1 cloak (worn)
 y - a +0 robe (worn)
Magical Staves
 m - a staff of death
Jewellery
 d - a +4 ring of protection
 e - a ring of wizardry
 h - a +6 ring of dexterity (left hand)
 B - a +6 ring of intelligence (right hand)
 F - an amulet of guardian spirit
Wands
 c - a wand of flame (18)
 A - a wand of light (11)
Scrolls
 j - a scroll of amnesia {unknown}
 k - 4 scrolls of poison
 n - a scroll of blinking
 o - 2 scrolls of fog
 w - 2 scrolls of immolation
 x - 2 scrolls of enchant weapon
 z - a scroll of identify
 E - 2 scrolls of enchant armour
Potions
 f - 9 potions of curing {unknown}
 g - 4 potions of heal wounds {unknown}
 i - 2 potions of berserk rage {unknown}
 p - 3 potions of degeneration {unknown}
 q - a potion of magic
 r - a potion of flight {unknown}
 u - a potion of haste {unknown}
 v - 2 potions of attraction {unknown}
 C - a potion of mutation {unknown}


   Skills:
 * Level 4.3 Fighting
 * Level 4.3 Armour
 - Level 3.0 Dodging
 - Level 2.4 Stealth
 - Level 7.0 Spellcasting
 - Level 6.0 Conjurations
 - Level 6.0 Fire Magic


You had 16 spell levels left.
You knew the following spells:

 Your Spells              Type           Power      Damage    Failure   Level
a - Searing Ray           Conj           88%        2d7       1%          2
b - Conjure Flame         Conj/Fire      44%        6-21      1%          3
c - Magic Dart            Conj           100%       1d8       1%          1

Your spell library contained the following spells:

 Spells                   Type           Power      Damage    Failure   Level
 Foxfire                  Conj/Fire      100%       2x1d9     1%          1
 Dazzling Flash           Conj/Hex       54%        N/A       4%          3
 Inner Flame              Hex/Fire       27%        N/A       4%          3
 Flame Wave               Conj/Fire      44%        2d11      4%          4
 Ensorcelled Hibernation  Hex/Ice        20%        N/A       8%          2
 Passwall                 Tmut/Erth      8%         N/A       8%          2
 Fulminant Prism          Conj/Hex       13%        3d9       14%         4
 Iskenderun's Mystic Bla  Conj/Tloc      27%        2d7       14%         4
 Lesser Beckoning         Tloc           10%        N/A       16%         3
 Manifold Assault         Tloc           10%        N/A       80%         5
 Blink                    Tloc           Unusable   N/A       N/A         2
 Swiftness                Air            Unusable   N/A       N/A         3

Dungeon Overview and Level Annotations

Branches:
Dungeon (8/15)             Temple (1/1) D:7         Ossuary (visited)
   Lair: D:8-11

Altars:
Ashenzari
Cheibriados
Dithmenos
Elyvilon
Fedhas
Gozag
Hepliaklqana
Makhleb
Okawaru
Ru
Sif Muna
Uskayaw
Vehumet
Wu Jian
Xom
Yredelemnul
The Shining One

Annotations:
D:5 exclusion: phantom
D:6 Blork the orc


Innate Abilities, Weirdness & Mutations

You cannot be hasted, slowed, berserked, paralysed or teleported.
You can dig through walls and to a lower floor.
You have a pair of large antennae on your head. (SInv)
Your four strong arms can wield two-handed weapons with a shield.


Message History

Which direction?
As you close the door, it creaks loudly!
A mummy opens the door.
A wight opens the door. x2
The howler monkey zombie attacks as you move away!
The howler monkey zombie closely misses you.
The wight closely misses you.
You open the door.
A necrophage comes into view.
You open the door.
A necrophage comes into view.
The mummy misses you.
The necrophage attacks as you move away!
The necrophage hits you but does no damage.
Casting: Searing Ray (safe; 1% risk of failure)
Confirm with . or Enter, or press ? or * to list all spells.
The fire begins to smoulder!
The wight hits you with a +0 dagger.
You feel drained.
A necrophage opens the door.
A wight comes into view. It is wielding a +0 falchion.
Casting: Conjure Flame (safe; 1% risk of failure)
Confirm with . or Enter, or press ? or * to list all spells.
The fire ignites!
You are engulfed in blazing flames.
The wight closely misses you.
A wight opens the door.
You open the door.
A wight comes into view. It is wielding a +0 scimitar.
There is an open door here.
Casting: Conjure Flame (safe; 1% risk of failure)
Confirm with . or Enter, or press ? or * to list all spells.
The fire begins to smoulder!
The wight closely misses you.
Casting: Conjure Flame (safe; 1% risk of failure)
Confirm with . or Enter, or press ? or * to list all spells.
The fire ignites!
You are engulfed in blazing flames.
The wight hits you with a +0 scimitar!
You die... #n'Z'.# #.# #M### #.# {zznz#

#.# #ยง#
#.####### {+.+{
#.......#
#.#######.#####.#
{+.'.##....# #z#
#..#### #@###.##
#.#8#.# #.....#
#######


You could see a necrophage, a mummy and 3 wights.

Vanquished Creatures
  A steam dragon (D:6)
  4 water moccasins
  An orc warrior (D:7)
  A sky beast (D:7)
  2 black bears
  2 ogres
  A bullfrog (D:4)
  2 necrophages (D:7)
  2 scorpions
  2 howler monkeys
  3 hounds
  3 jellies
  4 orc priests (D:7)
  A gnoll bouda (D:7)
  4 iguanas
  5 orc wizards
  A mummy (Ossuary)
  5 gnolls (D:7)
  6 adders
  A white imp (D:7)
  4 worms
  2 dart slugs
  9 orcs
  3 spectral bats (Ossuary)
  6 endoplasms
  4 giant cockroaches
  12 gnoll zombies (Ossuary)
  11 goblins
  8 hobgoblins
  5 jackals
  5 quokkas
  11 ball pythons
  8 bats
  A bat simulacrum (Ossuary)
  4 goblin simulacra (Ossuary)
  3 goblin zombies (Ossuary)
  3 hobgoblin zombies (Ossuary)
  11 kobolds
  4 kobold simulacra (Ossuary)
  6 kobold zombies (Ossuary)
  6 orc zombies (Ossuary)
  4 rats
  4 rat simulacra (Ossuary)
  A spectral goblin (Ossuary)
  5 spectral rats (Ossuary)
191 creatures vanquished.

Notes
Turn   | Place    | Note
-------+----------+-------------------------------------------
     0 | D:1      | DildoBatman the Formicid Conjurer began the quest for the
                  | Orb.
     0 | D:1      | Reached XP level 1. HP: 13/13 MP: 3/3
   220 | D:1      | Reached XP level 2. HP: 9/20 MP: 0/5
   270 | D:1      | Learned a level 2 spell: Searing Ray
   387 | D:1      | Reached skill level 1 in Armour
   421 | D:1      | Reached skill level 1 in Fighting
   421 | D:1      | Reached XP level 3. HP: 17/26 MP: 1/6
   680 | D:1      | Found a faded altar of an unknown god.
   988 | D:2      | You fall into a shaft and drop 2 floors!
  1183 | D:3      | Reached XP level 4. HP: 32/32 MP: 6/8
  1189 | D:3      | Learned a level 3 spell: Conjure Flame
  2076 | D:3      | Reached skill level 3 in Spellcasting
  2153 | D:3      | Reached XP level 5. HP: 38/38 MP: 5/9
  2357 | D:3      | Reached skill level 1 in Fire Magic
  2906 | D:4      | Reached XP level 6. HP: 46/46 MP: 5/10
  3115 | D:4      | Reached XP level 7. HP: 42/52 MP: 6/12
  3274 | D:5      | Entered Level 5 of the Dungeon
  3274 | D:5      | Found a glowing golden altar of the Shining One.
  3373 | D:5      | Noticed a water moccasin
  3378 | D:5      | Killed a water moccasin
  3379 | D:5      | Reached skill level 4 in Spellcasting
  3409 | D:5      | Reached skill level 5 in Conjurations
  3709 | D:5      | Reached XP level 8. HP: 58/58 MP: 10/14
  4206 | D:6      | Found a sand-covered staircase.
  4218 | Ossuary  | Entered an ossuary
  4768 | D:6      | Reached skill level 5 in Spellcasting
  4806 | D:6      | Noticed Blork the orc
  5128 | D:6      | Found a sacrificial altar of Ru.
  5170 | D:6      | Found a hazy altar of Hepliaklqana.
  5182 | D:6      | Reached skill level 6 in Spellcasting
  5182 | D:6      | Reached skill level 5 in Fire Magic
  5343 | D:6      | Reached XP level 9. HP: 50/63 MP: 15/18
  5610 | D:7      | Found a staircase to the Ecumenical Temple.
  5618 | Temple   | Entered the Ecumenical Temple
  5823 | D:7      | Reached skill level 7 in Spellcasting
  6312 | D:8      | Found a radiant altar of Vehumet.
  6632 | D:7      | Slain by a wight

Illustrated notes

Levels and vault maps discovered:
D:1:      lightli_arrival_flooded_house, layout_basic,
          nicolae_ecumenical_snake_handling
D:2:      layout_loops_ring, minmay_misc_feat_nine_boxes
D:3:      layout_basic, due_unseen_surprise
D:4:      layout_gridville, minmay_cut_off
D:5:      layout_loops_ring, overflow_temple_1_default, minmay_misc_feat_cross,
          nrook_loot_triangle, minmay_misc_feat_rows
D:6:      layout_loops_ring, nicolae_hepliaklqana_hazy_memory,
          nicolae_ru_great_annihilating_truth, nicolae_ossuary_entry_plus,
          uniq_blork_the_orc
D:7:      layout_basic, lemuel_mausoleum_altar_kikubaaqudgha,
          minmay_temple_entry_overgrown
D:8:      layout_layer_cave, fiery_altar_vehumet,
          nicolae_concentric_dashed_squares_mild, uniq_joseph
Temple:   cyrus_circular_temple

Skill      XL: |  1  2  3  4  5  6  7  8  9 |
---------------+----------------------------+-----
Dodging        | 2 3 |  3.0
Armour         | 1 2 3 4 |  4.3
Fighting       | 1 2 3 4 |  4.3
Conjurations   | 4 5 6 |  6.0
Spellcasting   | 3 4 6 7 |  7.0
Fire Magic     | 1 2 3 5 6 |  6.0
Stealth        | |  2.4

Action                   |  1- 3 |  4- 6 |  7- 9 || total
-------------------------+-------+-------+-------++-------
Melee: Mace              |    18 |       |       ||    18
       Dagger            |     6 |    33 |       ||    39
       Quarterstaff      |       |       |    37 ||    37
       Punch             |       |       |     1 ||     1
 Fire: Sling             |       |    28 |   120 ||   148
 Cast: Magic Dart        |    37 |    19 |     7 ||    63
       Searing Ray       |     8 |    19 |    30 ||    57
       Conjure Flame     |       |       |    39 ||    39
 Abil: Dig               |       |     1 |     1 ||     2
  Use: Scroll            |       |       |    11 ||    11
 Stab: Sleeping          |       |     2 |       ||     2
Armor: Robe              |     8 |     3 |    15 ||    26
Dodge: Dodged            |    25 |    20 |    43 ||    88
